BR
SANTA ANNA DUKES @ LOGAN SWANS
09/10/2027
 
TOP OF THE 1ST
Santa Anna Dukes batting - Pitching for Logan Swans : LHP Bernardo Dodson
Pitching: LHP Bernardo Dodson
Batting: RHB John Hutchins 0-0: Called Strike
0-1: Called Strike
0-2: SINGLE (Groundball, 6D)
Batting: RHB Ben Wilson 0-0: Ball
John Hutchins steals 2nd base
1-0: Called Strike
1-1: Ground out 6-3 (Groundball, 6S)
John Hutchins to third
Batting: RHB Jesús Velásquez 0-0: Swinging Strike
0-1: Ground out 6-3 (Groundball, 6S)
John Hutchins scores
Batting: SHB Jerry Young 0-0: Ball
1-0: Ball
2-0: Foul Ball, location: 2F
2-1: Ball
3-1: Ground out 6-3 (Groundball, 6D)
Top of the 1st over - 1 run(s), 1 hit(s), 0 error(s), 0 left on base; Santa Anna 1 - Logan 0
BOTTOM OF THE 1ST
Logan Swans batting - Pitching for Santa Anna Dukes : LHP Martín Marino
Pitching: LHP Martín Marino
Batting: RHB Joe Sulley 0-0: Ball
1-0: Called Strike
1-1: Called Strike
1-2: Ball
2-2: Ball
3-2: Base on Balls
Batting: RHB Joe Roberts 0-0: Called Strike
0-1: Ball
1-1: Ground out 4-3 (Groundball, 34)
Joe Sulley to second
Batting: LHB Roberto Herrera 0-0: Called Strike
0-1: Swinging Strike
0-2: 2-RUN HOME RUN (Flyball, 7D), Distance : 392 ft
Batting: RHB Júlio Ramos 0-0: Foul Ball, location: 2F
0-1: Called Strike
0-2: Strikes out swinging
Batting: RHB Lawrence Ware 0-0: Called Strike
0-1: Ground out 3-1 (Groundball, 34)
Bottom of the 1st over - 2 run(s), 1 hit(s), 0 error(s), 0 left on base; Santa Anna 1 - Logan 2
TOP OF THE 2ND
Santa Anna Dukes batting - Pitching for Logan Swans : LHP Bernardo Dodson
Batting: RHB William Elliott 0-0: Swinging Strike
0-1: Foul Ball, location: 2F
0-2: Ball
1-2: Ball
2-2: Ground out 5-3 (Groundball, 5L)
Batting: LHB Tony Beck 0-0: Ball
1-0: Foul Ball, location: 2F
1-1: SINGLE (Line Drive, 9LS)
Batting: RHB Michael Hastings 0-0: Ball
1-0: Foul Ball, location: 2F
1-1: Ball
2-1: Swinging Strike
2-2: Ball
3-2: Base on Balls
Tony Beck to second
Batting: LHB Dave Reynolds 0-0: Ball
1-0: Ball
Wild Pitch!
Tony Beck to third
Michael Hastings to second
2-0: Ground out 3-1 (Groundball, 34)
Tony Beck scores
Michael Hastings to third
Batting: RHB Brian Martínez 0-0: Ball
1-0: Foul Ball, location: 2F
1-1: Foul Ball, location: 2F
1-2: Strikes out swinging
Top of the 2nd over - 1 run(s), 1 hit(s), 0 error(s), 1 left on base; Santa Anna 2 - Logan 2
BOTTOM OF THE 2ND
Logan Swans batting - Pitching for Santa Anna Dukes : LHP Martín Marino
Batting: RHB Alfredo Salinas 0-0: Ball
1-0: Foul Ball, location: 2F
1-1: Foul Ball, location: 2F
1-2: Strikes out looking
Batting: RHB Adrián Barrera 0-0: Ball
1-0: Called Strike
1-1: Swinging Strike
1-2: Strikes out looking
Batting: RHB Nelson Wright 0-0: Ball
1-0: Called Strike
1-1: Foul Ball, location: 2F
1-2: Ball
2-2: SINGLE (Flyball, 8LS)
Batting: RHB Francisco Durango 0-0: Called Strike
Throwing error on steal attempt, E2
Nelson Wright to third
0-1: Ball
1-1: Fly out, F8 (Flyball, 8LXD)
Bottom of the 2nd over - 0 run(s), 1 hit(s), 1 error(s), 1 left on base; Santa Anna 2 - Logan 2
TOP OF THE 3RD
Santa Anna Dukes batting - Pitching for Logan Swans : LHP Bernardo Dodson
Batting: RHB John Hutchins 0-0: Foul Ball, location: 2F
0-1: Ball
1-1: Ball
2-1: Foul Ball, location: 2F
2-2: Foul Ball, location: 2F
2-2: Strikes out swinging
Batting: RHB Ben Wilson 0-0: Ball
1-0: Ground out 6-3 (Groundball, 6)
Batting: RHB Jesús Velásquez 0-0: Swinging Strike
0-1: Ball
1-1: Ball
2-1: Fly out, F9 (Flyball, 9LM)
Top of the 3rd over - 0 run(s), 0 hit(s), 0 error(s), 0 left on base; Santa Anna 2 - Logan 2
BOTTOM OF THE 3RD
Logan Swans batting - Pitching for Santa Anna Dukes : LHP Martín Marino
Batting: RHB Joe Sulley 0-0: Ball
1-0: Fly out, F3 (Popup, 3)
Batting: RHB Joe Roberts 0-0: Ball
1-0: Ball
2-0: Ball
3-0: Called Strike
3-1: Fly out, F8 (Flyball, 8RM)
Batting: LHB Roberto Herrera 0-0: Ball
1-0: Called Strike
1-1: SINGLE (Groundball, 4D)
Batting: RHB Júlio Ramos 0-0: Ball
1-0: Fly out, F9 (Flyball, 89M)
Bottom of the 3rd over - 0 run(s), 1 hit(s), 0 error(s), 1 left on base; Santa Anna 2 - Logan 2
TOP OF THE 4TH
Santa Anna Dukes batting - Pitching for Logan Swans : LHP Bernardo Dodson
Batting: SHB Jerry Young 0-0: Ball
1-0: Ball
2-0: Called Strike
2-1: Swinging Strike
2-2: Ball
3-2: Base on Balls
Batting: RHB William Elliott 0-0: Ball
1-0: Called Strike
1-1: Grounds into double play, 6-4-3 (Groundball, 6)
Batting: LHB Tony Beck 0-0: Foul Ball, location: 2F
0-1: Ball
1-1: Foul Ball, location: 2F
1-2: Ball
2-2: Foul Ball, location: 2F
2-2: Fly out, F8 (Flyball, 8RS)
Top of the 4th over - 0 run(s), 0 hit(s), 0 error(s), 0 left on base; Santa Anna 2 - Logan 2
BOTTOM OF THE 4TH
Logan Swans batting - Pitching for Santa Anna Dukes : LHP Martín Marino
Batting: RHB Lawrence Ware 0-0: Foul Ball, location: 2F
0-1: Ball
1-1: Ball
2-1: Reached on error, E5 (Groundball, 56)
Batting: RHB Alfredo Salinas 0-0: Swinging Strike
0-1: Ball
1-1: Fly out, F8 (Flyball, 8RM)
Batting: RHB Adrián Barrera 0-0: Ball
1-0: Called Strike
1-1: Ball
2-1: Called Strike
2-2: Ball
3-2: Strikes out looking
Batting: RHB Nelson Wright 0-0: Ball
1-0: Fly out, F5 (Line Drive, 56)
Bottom of the 4th over - 0 run(s), 0 hit(s), 1 error(s), 1 left on base; Santa Anna 2 - Logan 2
TOP OF THE 5TH
Santa Anna Dukes batting - Pitching for Logan Swans : LHP Bernardo Dodson
Batting: RHB Michael Hastings 0-0: Ground out 4-3 (Groundball, 34)
Batting: LHB Dave Reynolds 0-0: Called Strike
0-1: Foul Ball, location: 2F
0-2: Foul Ball, location: 2F
0-2: Ball
1-2: Foul Ball, location: 2F
1-2: Ball
2-2: Ball
3-2: SINGLE (Flyball, 4MD)
Batting: RHB Brian Martínez 0-0: Ball
1-0: Swinging Strike
1-1: Foul Ball, location: 2F
1-2: Strikes out swinging
Batting: RHB John Hutchins 0-0: Swinging Strike
0-1: Ball
1-1: Ball
2-1: Foul Ball, location: 2F
2-2: Ball
Dave Reynolds steals 2nd base
3-2: Hit by Pitch
Pitching: LHP Armando Rodríguez
Batting: RHB Ben Wilson 0-0: Called Strike
0-1: Foul Ball, location: 2F
0-2: Ball
1-2: Ball
2-2: Fielders Choice at 2nd, 6-4 (Groundball, 6)
Top of the 5th over - 0 run(s), 1 hit(s), 0 error(s), 1 left on base; Santa Anna 2 - Logan 2
BOTTOM OF THE 5TH
Logan Swans batting - Pitching for Santa Anna Dukes : LHP Martín Marino
Batting: RHB Francisco Durango 0-0: Called Strike
0-1: Ground out 5-3 (Groundball, 5L)
Batting: RHB Joe Sulley 0-0: Foul Ball, location: 2F
0-1: Swinging Strike
0-2: Ball
1-2: Foul Ball, location: 2F
1-2: Fly out, F9 (Line Drive, 89S)
Batting: RHB Joe Roberts 0-0: Ground out 5-3 (Groundball, 56S)
Bottom of the 5th over - 0 run(s), 0 hit(s), 0 error(s), 0 left on base; Santa Anna 2 - Logan 2
TOP OF THE 6TH
Santa Anna Dukes batting - Pitching for Logan Swans : LHP Armando Rodríguez
Batting: RHB Jesús Velásquez 0-0: Fly out, F9 (Flyball, 9LM)
Batting: SHB Jerry Young 0-0: Ball
1-0: Ball
2-0: Called Strike
2-1: Fly out, F4 (Flyball, 4D)
Batting: RHB William Elliott 0-0: Ball
1-0: Ball
2-0: Ball
3-0: Base on Balls
Batting: LHB Tony Beck 0-0: Ball
1-0: Foul Ball, location: 2F
1-1: Ball
2-1: SINGLE (Line Drive, 6MD)
William Elliott to second
Batting: RHB Michael Hastings 0-0: DOUBLE (Line Drive, 7LM)
William Elliott scores
Tony Beck to third
Runner from 3rd tries for Home, throw and OUT!
Top of the 6th over - 1 run(s), 2 hit(s), 0 error(s), 1 left on base; Santa Anna 3 - Logan 2
BOTTOM OF THE 6TH
Logan Swans batting - Pitching for Santa Anna Dukes : LHP Martín Marino
Batting: LHB Roberto Herrera 0-0: Ball
1-0: DOUBLE (Flyball, 78D) - OUT at third base trying to stretch hit.
Batting: RHB Júlio Ramos 0-0: Ball
1-0: Ball
2-0: Called Strike
2-1: Foul Ball, location: 2F
2-2: SINGLE (Flyball, 89S)
Batting: RHB Lawrence Ware 0-0: Ball
1-0: Ball
2-0: Called Strike
2-1: Called Strike
2-2: Ball
3-2: Foul Ball, location: 2F
3-2: Foul Ball, location: 2F
3-2: Strikes out swinging
Pitching: RHP José Braceiras
Batting: RHB Alfredo Salinas 0-0: SINGLE (Groundball, 34) (infield hit)
Júlio Ramos to second
Batting: RHB Adrián Barrera 0-0: Ball
1-0: Foul Ball, location: 2F
1-1: Foul Ball, location: 2F
1-2: Ball
2-2: Fielders Choice at 2nd, 6-4 (Groundball, 6)
Bottom of the 6th over - 0 run(s), 3 hit(s), 0 error(s), 1 left on base; Santa Anna 3 - Logan 2
TOP OF THE 7TH
Santa Anna Dukes batting - Pitching for Logan Swans : LHP Armando Rodríguez
Batting: LHB Dave Reynolds 0-0: Called Strike
0-1: Ball
1-1: Swinging Strike
1-2: Foul Ball, location: 2F
1-2: Fly out, F7 (Flyball, 78S)
Batting: RHB Brian Martínez 0-0: Ball
1-0: Called Strike
1-1: Fly out, F7 (Flyball, 7)
Batting: RHB John Hutchins 0-0: Ball
1-0: Swinging Strike
1-1: Called Strike
1-2: Ball
2-2: Strikes out swinging
Top of the 7th over - 0 run(s), 0 hit(s), 0 error(s), 0 left on base; Santa Anna 3 - Logan 2
BOTTOM OF THE 7TH
Logan Swans batting - Pitching for Santa Anna Dukes : RHP José Braceiras
Batting: RHB Nelson Wright 0-0: Foul Ball, location: 2F
0-1: Foul Ball, location: 2F
0-2: Ball
1-2: Fly out, F4 (Popup, 4)
Batting: RHB Francisco Durango 0-0: Ball
1-0: Foul Ball, location: 2F
1-1: Swinging Strike
1-2: Foul Ball, location: 2F
1-2: Ball
2-2: Strikes out swinging
Batting: RHB Joe Sulley 0-0: SINGLE (Groundball, 6MD)
Batting: RHB Joe Roberts 0-0: Ball
1-0: Ball
2-0: SINGLE (Groundball, 4MD)
Joe Sulley to second
Runner from 2nd tries for 3rd, SAFE, no throw
Batting: LHB Roberto Herrera 0-0: Foul Ball, location: 2F
0-1: Ball
1-1: Swinging Strike
1-2: Fielders Choice at 2nd, 6-4 (Groundball, 6)
Bottom of the 7th over - 0 run(s), 2 hit(s), 0 error(s), 1 left on base; Santa Anna 3 - Logan 2
TOP OF THE 8TH
Santa Anna Dukes batting - Pitching for Logan Swans : LHP Armando Rodríguez
Batting: RHB Ben Wilson 0-0: Ball
1-0: Fly out, F4 (Line Drive, 34)
Batting: RHB Jesús Velásquez 0-0: Ball
1-0: Called Strike
1-1: Ball
2-1: Foul Ball, location: 2F
2-2: Fly out, F8 (Flyball, 8RM)
Batting: SHB Jerry Young 0-0: Ball
1-0: Foul Ball, location: 2F
1-1: Fly out, F9 (Flyball, 89M)
Top of the 8th over - 0 run(s), 0 hit(s), 0 error(s), 0 left on base; Santa Anna 3 - Logan 2
BOTTOM OF THE 8TH
Logan Swans batting - Pitching for Santa Anna Dukes : RHP José Braceiras
Pitching: RHP A.J. Wellman
Batting: RHB Júlio Ramos 0-0: Ball
1-0: Called Strike
1-1: Ball
2-1: Swinging Strike
2-2: Ball
3-2: Strikes out swinging
Batting: RHB Lawrence Ware 0-0: Ball
1-0: Foul Ball, location: 2F
1-1: Ball
2-1: Ball
3-1: Foul Ball, location: 2F
3-2: Strikes out swinging
Batting: RHB Alfredo Salinas 0-0: Foul Ball, location: 2F
0-1: Foul Ball, location: 2F
0-2: Ball
1-2: Strikes out looking
Bottom of the 8th over - 0 run(s), 0 hit(s), 0 error(s), 0 left on base; Santa Anna 3 - Logan 2
TOP OF THE 9TH
Santa Anna Dukes batting - Pitching for Logan Swans : LHP Armando Rodríguez
Batting: RHB William Elliott 0-0: Ball
1-0: Ball
2-0: Called Strike
2-1: Ball
3-1: Base on Balls
Pinch Hitting: RHB Alberto Morín 0-0: Ball
1-0: Sac Bunt - play at first, batter OUT! 3-4
William Elliott to second
Pinch Hitting: RHB Scott McGuire 0-0: Foul Ball, location: 2F
0-1: Ground out 5-3 (Groundball, 5D)
Pitching: RHP Emílio Valdés
Batting: LHB Dave Reynolds 0-0: Ball
1-0: Ball
2-0: Called Strike
2-1: Ball
3-1: Foul Ball, location: 2F
3-2: Base on Balls
Pinch Hitting: SHB Lonnie Washington 0-0: Called Strike
0-1: Foul Ball, location: 2F
0-2: Strikes out swinging
Top of the 9th over - 0 run(s), 0 hit(s), 0 error(s), 2 left on base; Santa Anna 3 - Logan 2
BOTTOM OF THE 9TH
Logan Swans batting - Pitching for Santa Anna Dukes : RHP A.J. Wellman
Pitching: RHP George Stout
Now at C: Brent Allen
Now at 1B: Scott McGuire
Now at SS: Alberto Morín
Batting: RHB Adrián Barrera 0-0: Swinging Strike
0-1: Ball
1-1: Called Strike
1-2: SINGLE (Groundball, 56S) (infield hit)
Batting: RHB Nelson Wright 0-0: Ball
1-0: Sac Bunt - play at first, batter OUT! 1-4
Adrián Barrera to second
Batting: RHB Francisco Durango 0-0: SINGLE (Groundball, 6) (infield hit)
Adrián Barrera to third
Batting: RHB Joe Sulley 0-0: Foul Ball, location: 2F
0-1: Foul Ball, location: 2F
0-2: Fly out, F8 (Flyball, 8LM)
Runner from 3rd tags up, SCORES, no throw
Batting: RHB Joe Roberts 0-0: Ball
1-0: Ball
2-0: Foul Ball, location: 2F
2-1: Fly out, F4 (Popup, 4)
Bottom of the 9th over - 1 run(s), 2 hit(s), 0 error(s), 1 left on base; Santa Anna 3 - Logan 3
TOP OF THE 10TH
Santa Anna Dukes batting - Pitching for Logan Swans : RHP Emílio Valdés
Pitching: RHP Domingo Cruz
Pinch Hitting: LHB John Miller 0-0: Swinging Strike
0-1: Ball
1-1: Swinging Strike
1-2: Strikes out swinging
Batting: RHB Ben Wilson 0-0: Ball
1-0: Called Strike
1-1: Swinging Strike
1-2: Reaches on Catchers interference
Batting: RHB Jesús Velásquez 0-0: Ball
1-0: Ball
2-0: Fly out, F8 (Flyball, 8LD)
Pinch Hitting: RHB Júlio González 0-0: Ball
1-0: Ball
2-0: Foul Ball, location: 2F
2-1: Foul Ball, location: 2F
2-2: Foul Ball, location: 2F
2-2: DOUBLE (Line Drive, 8LM)
Ben Wilson to third
Pinch Hitting: LHB Kevin Grimes 0-0: Fly out, F8 (Flyball, 8RM)
Top of the 10th over - 0 run(s), 1 hit(s), 1 error(s), 2 left on base; Santa Anna 3 - Logan 3
BOTTOM OF THE 10TH
Logan Swans batting - Pitching for Santa Anna Dukes : RHP George Stout
Now at 2B: Júlio González
Now at 3B: Jorge García
Now in RF: Kevin Grimes
Batting: LHB Roberto Herrera 0-0: Called Strike
0-1: Swinging Strike
0-2: Strikes out swinging
Batting: RHB Júlio Ramos 0-0: Foul Ball, location: 2F
0-1: Ball
1-1: Foul Ball, location: 2F
1-2: Strikes out swinging
Batting: RHB Lawrence Ware 0-0: Ball
1-0: Ball
2-0: Ball
3-0: Called Strike
3-1: Foul Ball, location: 2F
3-2: Foul Ball, location: 2F
3-2: Ground out 5-3 (Groundball, 56)
Bottom of the 10th over - 0 run(s), 0 hit(s), 0 error(s), 0 left on base; Santa Anna 3 - Logan 3
TOP OF THE 11TH
Santa Anna Dukes batting - Pitching for Logan Swans : RHP Domingo Cruz
Batting: RHB Alberto Morín 0-0: Ball
1-0: Called Strike
1-1: Fly out, F9 (Flyball, 9)
Batting: RHB Scott McGuire 0-0: Called Strike
0-1: Ball
1-1: Ball
2-1: Swinging Strike
2-2: Foul Ball, location: 2F
2-2: Strikes out swinging
Batting: LHB Dave Reynolds 0-0: Ground out 5-3 (Groundball, 25)
Top of the 11th over - 0 run(s), 0 hit(s), 0 error(s), 0 left on base; Santa Anna 3 - Logan 3
BOTTOM OF THE 11TH
Logan Swans batting - Pitching for Santa Anna Dukes : RHP George Stout
Pitching: LHP Bobby Valentine
Batting: RHB Alfredo Salinas 0-0: Swinging Strike
0-1: Foul Ball, location: 2F
0-2: Strikes out swinging
Batting: RHB Adrián Barrera 0-0: Ball
1-0: Called Strike
1-1: Ball
2-1: Ball
3-1: Foul Ball, location: 2F
3-2: Ground out 5-3 (Groundball, 56S)
Pinch Hitting: RHB Jeremy Camanho 0-0: Ball
1-0: Swinging Strike
1-1: Ball
2-1: Foul Ball, location: 2F
2-2: Ball
3-2: Foul Ball, location: 2F
3-2: Strikes out swinging
Bottom of the 11th over - 0 run(s), 0 hit(s), 0 error(s), 0 left on base; Santa Anna 3 - Logan 3
TOP OF THE 12TH
Santa Anna Dukes batting - Pitching for Logan Swans : RHP Domingo Cruz
Pitching: RHP Jimmy MacAulay
Now in LF: Jeremy Camanho
Batting: RHB Brent Allen 0-0: Ground out 4-3 (Groundball, 4)
Batting: RHB Jorge García 0-0: Ball
1-0: Ground out 4-3 (Groundball, 4)
Batting: RHB Ben Wilson 0-0: Called Strike
0-1: Swinging Strike
0-2: Foul Ball, location: 2F
0-2: Ball
1-2: Ball
2-2: Ball
3-2: Fly out, F6 (Popup, 6S)
Top of the 12th over - 0 run(s), 0 hit(s), 0 error(s), 0 left on base; Santa Anna 3 - Logan 3
BOTTOM OF THE 12TH
Logan Swans batting - Pitching for Santa Anna Dukes : LHP Bobby Valentine
Batting: RHB Francisco Durango 0-0: Ground out 6-3 (Groundball, 6)
Batting: RHB Joe Sulley 0-0: Ball
1-0: Ball
2-0: Called Strike
2-1: Foul Ball, location: 2F
2-2: SINGLE (Groundball, 5L) (infield hit)
Batting: RHB Joe Roberts 0-0: Ball
Joe Sulley steals 2nd base
1-0: Intentional Walk
Batting: LHB Roberto Herrera 0-0: Foul Ball, location: 2F
0-1: Ball
1-1: Fly out, F4 (Popup, 34D)
Batting: RHB Júlio Ramos 0-0: Ball
1-0: Called Strike
1-1: Foul Ball, location: 2F
1-2: Fielders Choice at 2nd, 6-4 (Groundball, 6)
Bottom of the 12th over - 0 run(s), 1 hit(s), 0 error(s), 1 left on base; Santa Anna 3 - Logan 3
TOP OF THE 13TH
Santa Anna Dukes batting - Pitching for Logan Swans : RHP Jimmy MacAulay
Batting: RHB Jesús Velásquez 0-0: Ball
1-0: Ground out 6-3 (Groundball, 6)
Batting: RHB Júlio González 0-0: Ball
1-0: Swinging Strike
1-1: Ball
2-1: Ground out 1-3 (Groundball, 15S)
Batting: LHB Kevin Grimes 0-0: Swinging Strike
0-1: Foul Ball, location: 2F
0-2: Fly out, F7 (Line Drive, 7)
Top of the 13th over - 0 run(s), 0 hit(s), 0 error(s), 0 left on base; Santa Anna 3 - Logan 3
BOTTOM OF THE 13TH
Logan Swans batting - Pitching for Santa Anna Dukes : LHP Bobby Valentine
Batting: RHB Lawrence Ware 0-0: Ball
1-0: Ball
2-0: Called Strike
2-1: Ball
3-1: Called Strike
3-2: Strikes out swinging
Pitching: RHP Roberto Pérez
Batting: RHB Alfredo Salinas 0-0: Ground out 5-3 (Groundball, 56S)
Batting: RHB Adrián Barrera 0-0: Ball
1-0: Ball
2-0: Ball
3-0: Base on Balls
Batting: RHB Jeremy Camanho 0-0: Called Strike
0-1: Ball
1-1: Foul Ball, location: 2F
1-2: Fly out, F2 (Popup, 23)
Bottom of the 13th over - 0 run(s), 0 hit(s), 0 error(s), 1 left on base; Santa Anna 3 - Logan 3
TOP OF THE 14TH
Santa Anna Dukes batting - Pitching for Logan Swans : RHP Jimmy MacAulay
Batting: RHB Alberto Morín 0-0: DOUBLE (Line Drive, 78D)
Batting: RHB Scott McGuire 0-0: Ball
1-0: SINGLE (Line Drive, 78S)
Alberto Morín to third
Batting: LHB Dave Reynolds 0-0: Ball
1-0: Ball
2-0: Fly out, F6 (Popup, 6D)
Batting: RHB Brent Allen 0-0: Foul Ball, location: 2F
0-1: Ball
1-1: Foul Ball, location: 2F
1-2: Foul Ball, location: 2F
1-2: Strikes out looking
Batting: RHB Jorge García 0-0: Called Strike
0-1: Foul Ball, location: 2F
0-2: Strikes out looking
Top of the 14th over - 0 run(s), 2 hit(s), 0 error(s), 2 left on base; Santa Anna 3 - Logan 3
BOTTOM OF THE 14TH
Logan Swans batting - Pitching for Santa Anna Dukes : RHP Roberto Pérez
Batting: RHB Francisco Durango 0-0: Called Strike
0-1: Called Strike
0-2: Foul Ball, location: 2F
0-2: Ball
1-2: Strikes out swinging
Batting: RHB Joe Sulley 0-0: Ball
1-0: Called Strike
1-1: Called Strike
1-2: Ball
2-2: Ball
3-2: SINGLE (Groundball, 4MD)
Batting: RHB Joe Roberts 0-0: Ball
1-0: Ball
2-0: Fly out, F4 (Line Drive, 34)
Batting: LHB Roberto Herrera 0-0: Ball
1-0: Ball
2-0: Swinging Strike
2-1: Foul Ball, location: 2F
2-2: Ball
3-2: SINGLE (Groundball, 34S) (infield hit)
Joe Sulley to second
Batting: RHB Júlio Ramos 0-0: Ground out 1-3 (Groundball, P)
Bottom of the 14th over - 0 run(s), 2 hit(s), 0 error(s), 2 left on base; Santa Anna 3 - Logan 3
TOP OF THE 15TH
Santa Anna Dukes batting - Pitching for Logan Swans : RHP Jimmy MacAulay
Batting: RHB Ben Wilson 0-0: Called Strike
0-1: Swinging Strike
0-2: Foul Ball, location: 2F
0-2: Ball
1-2: Ball
2-2: Fly out, F8 (Flyball, 8RM)
Batting: RHB Jesús Velásquez 0-0: Ball
1-0: Fly out, F4 (Popup, 4)
Batting: RHB Júlio González 0-0: Ball
1-0: Ball
2-0: Fly out, F7 (Flyball, 7)
Top of the 15th over - 0 run(s), 0 hit(s), 0 error(s), 0 left on base; Santa Anna 3 - Logan 3
BOTTOM OF THE 15TH
Logan Swans batting - Pitching for Santa Anna Dukes : RHP Roberto Pérez
Batting: RHB Lawrence Ware 0-0: Ball
1-0: Swinging Strike
1-1: Foul Ball, location: 2F
1-2: Ball
2-2: Strikes out swinging
Batting: RHB Alfredo Salinas 0-0: Ball
1-0: Called Strike
1-1: Foul Ball, location: 2F
1-2: Strikes out swinging
Batting: RHB Adrián Barrera 0-0: Ball
1-0: Foul Ball, location: 2F
1-1: Ball
2-1: Foul Ball, location: 2F
2-2: Ball
3-2: Ground out 6-3 (Groundball, 6M)
Bottom of the 15th over - 0 run(s), 0 hit(s), 0 error(s), 0 left on base; Santa Anna 3 - Logan 3
TOP OF THE 16TH
Santa Anna Dukes batting - Pitching for Logan Swans : RHP Jimmy MacAulay
Batting: LHB Kevin Grimes 0-0: Ball
1-0: Swinging Strike
1-1: Fly out, F8 (Flyball, 8RS)
Pitching: RHP Salvador Morán
Batting: RHB Alberto Morín 0-0: Called Strike
0-1: Ground out 6-3 (Groundball, 6)
Batting: RHB Scott McGuire 0-0: Ball
1-0: Foul Ball, location: 2F
1-1: Swinging Strike
1-2: Foul Ball, location: 2F
1-2: Strikes out looking
Top of the 16th over - 0 run(s), 0 hit(s), 0 error(s), 0 left on base; Santa Anna 3 - Logan 3
BOTTOM OF THE 16TH
Logan Swans batting - Pitching for Santa Anna Dukes : RHP Roberto Pérez
Batting: RHB Jeremy Camanho 0-0: Ball
1-0: Called Strike
1-1: Ball
2-1: Foul Ball, location: 2F
2-2: Foul Ball, location: 2F
2-2: Strikes out swinging
Batting: RHB Francisco Durango 0-0: Called Strike
0-1: Swinging Strike
0-2: Strikes out swinging
Batting: RHB Joe Sulley 0-0: SINGLE (Line Drive, 5D)
Batting: RHB Joe Roberts 0-0: Ball
1-0: Ball
2-0: Ball
3-0: Base on Balls
Joe Sulley to second
Batting: LHB Roberto Herrera 0-0: Ball
1-0: Called Strike
1-1: Swinging Strike
1-2: Ball
2-2: Fly out, F4 (Popup, 34D)
Bottom of the 16th over - 0 run(s), 1 hit(s), 0 error(s), 2 left on base; Santa Anna 3 - Logan 3
TOP OF THE 17TH
Santa Anna Dukes batting - Pitching for Logan Swans : RHP Salvador Morán
Batting: LHB Dave Reynolds 0-0: Called Strike
0-1: Swinging Strike
0-2: Foul Ball, location: 2F
0-2: Foul Ball, location: 2F
0-2: Strikes out swinging
Batting: RHB Brent Allen 0-0: Foul Ball, location: 2F
0-1: Ball
1-1: Ball
2-1: Foul Ball, location: 2F
2-2: Foul Ball, location: 2F
2-2: Ball
3-2: Fly out, F7 (Flyball, 7)
Batting: RHB Jorge García 0-0: Ball
1-0: Swinging Strike
1-1: Ball
2-1: Ball
3-1: SINGLE (Groundball, 3D)
Pinch Runner at 1st Rory Howard:
Batting: RHB Ben Wilson 0-0: Ball
1-0: Fly out, F7 (Line Drive, 7LS)
Top of the 17th over - 0 run(s), 1 hit(s), 0 error(s), 1 left on base; Santa Anna 3 - Logan 3
BOTTOM OF THE 17TH
Logan Swans batting - Pitching for Santa Anna Dukes : RHP Roberto Pérez
Now at 3B: Rory Howard
Batting: RHB Júlio Ramos 0-0: SINGLE (Line Drive, 8RS)
Batting: RHB Lawrence Ware 0-0: Called Strike
0-1: Ball
1-1: Ball
2-1: Ball
3-1: Grounds into double play, 4-6-3 (Groundball, 4)
Batting: RHB Alfredo Salinas 0-0: Called Strike
0-1: Fly out, F9 (Line Drive, 9)
Bottom of the 17th over - 0 run(s), 1 hit(s), 0 error(s), 0 left on base; Santa Anna 3 - Logan 3
TOP OF THE 18TH
Santa Anna Dukes batting - Pitching for Logan Swans : RHP Salvador Morán
Batting: RHB Jesús Velásquez 0-0: Ball
1-0: Foul Ball, location: 2F
1-1: Ball
2-1: Hit by Pitch
Batting: RHB Júlio González 0-0: Ball
Jesús Velásquez steals 2nd base
1-0: Intentional Walk
Batting: LHB Kevin Grimes 0-0: Foul Ball, location: 2F
0-1: Ball
1-1: Ball
2-1: Ball
3-1: Called Strike
3-2: Foul Ball, location: 2F
3-2: Strikes out swinging
Pitching: RHP Chico Fuzeiro
Batting: RHB Alberto Morín 0-0: Fly out, F9 (Flyball, 9LM)
Batting: RHB Scott McGuire 0-0: 3-RUN HOME RUN (Flyball, 7LD), Distance : 357 ft
Batting: LHB Dave Reynolds 0-0: Foul Ball, location: 2F
0-1: Ball
1-1: Ball
2-1: Ball
3-1: Base on Balls
Batting: RHB Brent Allen 0-0: Ball
1-0: Ball
2-0: Foul Ball, location: 2F
2-1: Called Strike
2-2: Foul Ball, location: 2F
2-2: Ball
3-2: SINGLE (Line Drive, 89S)
Dave Reynolds to second
Dave Reynolds to third
Batting: RHB Rory Howard 0-0: Ball
1-0: Foul Ball, location: 2F
1-1: Ball
2-1: Fly out, F7 (Flyball, 78M)
Top of the 18th over - 3 run(s), 2 hit(s), 0 error(s), 2 left on base; Santa Anna 6 - Logan 3
BOTTOM OF THE 18TH
Logan Swans batting - Pitching for Santa Anna Dukes : RHP Roberto Pérez
Batting: RHB Adrián Barrera 0-0: Called Strike
0-1: Ball
1-1: Called Strike
1-2: Ball
2-2: Foul Ball, location: 2F
2-2: Fly out, F8 (Line Drive, 8LM)
Batting: RHB Jeremy Camanho 0-0: Ball
1-0: Ball
2-0: Ball
3-0: Base on Balls
Pitching: LHP Steve Yates
Batting: RHB Francisco Durango 0-0: Called Strike
0-1: Ball
1-1: Foul Ball, location: 2F
1-2: Ball
2-2: Foul Ball, location: 2F
2-2: Fly out, F7 (Line Drive, 78D)
Batting: RHB Joe Sulley 0-0: Ball
1-0: Foul Ball, location: 2F
1-1: DOUBLE (Groundball, 5L)
Jeremy Camanho to third
Runner from 3rd tries for Home, SAFE, no throw
Batting: RHB Joe Roberts 0-0: Ground out 1-3 (Groundball, 13S)
Bottom of the 18th over - 1 run(s), 1 hit(s), 0 error(s), 1 left on base; Santa Anna 6 - Logan 4
Thursday, March 30th, 2017 - OOTP Baseball 17.12 Build 75